AoeStats
← csknahmet27

MegaRandom

510090941Analyzed
4v4 RM · 2d ago on Sep 29, 2026· 26m 21s· 8 players
Game mode
Random Map
Map size
Large (8 player)
Population
200
Speed
Normal
Resources
Standard
Victory
Conquest
Starting age
Dark Age
Ending age
Imperial Age
RankedLock teamsTeams togetherTeam positionsShared explorationLock speedFull tech treeHidden civsTurbo modeCheats
Victory
Defeat
🇳🇱 Mongols · Netherlands
1603
+13
🇹🇷 Hindustanis · Türkiye
1599
+13
🇨🇦 Britons · Canada
1509
+17
🇨🇳 Persians · China
1487
+18
🇹🇷 Chinese · Türkiye
1569
-17
🇬🇧 Lithuanians · United Kingdom
1543
-16
🇪🇸 Magyars · Spain
1536
-15
🇹🇷 Japanese · Türkiye
1474
-13
Pelopincho
6:54 Loom
10:04 Feudal Age
10:33 Double-Bit Axe
10:56 Fishing Lines
13:19 Horse Collar
17:13 Wheelbarrow
20:01 Scale Barding Armor
19:49 Gold Mining
22:15 Castle Age
22:29 Bloodlines
23:09 Bow Saw
23:00 Heavy Plow
23:02 Husbandry
22:23 Light Cavalry
23:25 Chain Barding Armor
23:43 Gold Shaft Mining
Apep
0:30 Loom
12:10 Feudal Age
16:44 Castle Age
14:31 Double-Bit Axe
Wolf Slayer
6:41 Loom
8:59 Feudal Age
9:42 Double-Bit Axe
13:54 Horse Collar
18:12 Fletching
24:29 Castle Age
csknahmet27
12:08 Feudal Age
12:38 Loom
14:30 Double-Bit Axe
18:44 Castle Age
[FORD]DarkHorse
5:08 Loom
9:47 Feudal Age
12:15 Fletching
19:10 Castle Age
20:54 Castle Age
20:54 Double-Bit Axe
21:01 Gold Mining
21:02 Crossbowman
21:43 Bodkin Arrow
25:48 Wheelbarrow
Itgetsdarker
9:03 Feudal Age
10:52 Double-Bit Axe
10:48 Horse Collar
15:59 Scale Barding Armor
20:47 Castle Age
19:31 Forging
19:34 Bloodlines
19:56 Loom
20:47 Wheelbarrow
29:04 Imperial Age
Komkommersla
7:51 Loom
10:04 Feudal Age
11:00 Double-Bit Axe
19:21 Castle Age
18:41 Bloodlines
18:15 Horse Collar
19:21 Forging
24:20 Husbandry
27:05 Bow Saw
Boar
4:18 Loom
11:24 Feudal Age
11:46 Double-Bit Axe
16:02 Castle Age
14:45 Fishing Lines
16:41 Medium Warships
16:51 Bow Saw
17:42 Fletching
18:16 Loom
21:42 Gold Mining
23:04 Wheelbarrow
22:15 Horse Collar
24:46 Gillnets
Connection lost

Rejoining the realm…

Still unreachable

The connection could not be restored.

Session expired

The server has moved on; the page needs a fresh start.